 Dungeon Crawl Stone Soup version 0.30-a0-840-ga523dec638 (webtiles) character file.

Game seed: 14375337845529016018

1543 Pimp the Covered (level 8, -4/73 HPs)
             Began as an Armataur Fighter on Mar 1, 2023.
             Slain by a lemure (7 damage)
             ... led by Pikel
             ... on level 5 of the Dungeon.
             The game lasted 00:08:08 (4520 turns).

Pimp the Covered (Armataur Fighter)                 Turns: 4520, Time: 00:08:08

Health: -4/73      AC:  9    Str: 34    XL:     8   Next: 56%
Magic:  8/8        EV:  8    Int: 11    God:
Gold:   125        SH:  5    Dex: 13    Spells: 7/7 levels left

rFire   + + .      SeeInvis .    a - +1 war axe (venom)
rCold   . . .      Faith    .    c - +0 buckler
rNeg    . . .      Spirit   .    b - +0 scale mail
rPois   .          Reflect  .    (no helmet)
rElec   +          Harm     .    (no cloak)
rCorr   .          Roll     +    o - +0 pair of gloves
Will    .....      Clarity  +    (no barding) Stlth
                                 (no amulet)
HPRegen 0.32/turn                l - ring "Usyotrah" {rElec rF++ Str+6 Int+2}
MPRegen 0.11/turn                p - +6 ring of strength

@: no status effects
A: large, rugged brown scales 3, deformed body, armoured tail, roll, long
tongue, awkward tongue, agile 1, clarity, devolution 1
a: no special abilities


You were on level 5 of the Dungeon.
You visited 1 branch of the dungeon, and saw 5 of its levels.

You collected 125 gold pieces.

Inventory:

Hand Weapons
 a - a +1 war axe of venom (weapon)
 t - a +2 shortbow of electrocution
Missiles
 n - a throwing net (quivered)
Armour
 b - a +0 scale mail (worn)
 c - a +0 buckler (worn)
 o - a +0 pair of gloves (worn)
Jewellery
 l - the ring "Usyotrah" (left hand) {rElec rF++ Str+6 Int+2}
   (You found it on level 4 of the Dungeon)

   [ring of strength]

   Str:       It affects your strength (+6).
   Int:       It affects your intelligence (+2).
   rF:        It greatly protects you from fire.
   rElec:     It insulates you from electricity.
 p - a +6 ring of strength (right hand)
Scrolls
 e - a scroll of fear
 h - 3 scrolls of identify
 m - a scroll of poison
 q - a scroll of amnesia {unknown}
 s - a scroll of torment {unknown}
 u - a scroll of fog {unknown}
 v - a scroll of brand weapon
 w - a scroll of teleportation
 x - a scroll of blinking {unknown}
Potions
 d - 2 potions of might
 f - a potion of degeneration {unknown}
 g - 2 potions of heal wounds {unknown}
 i - a potion of cancellation {unknown}
 j - a potion of ambrosia
 k - 2 potions of mutation
 r - a potion of lignification {unknown}
 z - a potion of magic {unknown}


   Skills:
 + Level 5.6 Fighting
 + Level 4.7 Axes
 + Level 7.3 Armour
 + Level 6.7 Shields


You had 7 spell levels left.
You didn't know any spells.
Your spell library contained the following spells:

 Spells                   Type           Power      Damage    Failure   Level
 Freeze                   Ice            0%         1d3       58%         1
 Frozen Ramparts          Ice            0%         1d1       92%         3
 Gell's Gravitas          Tloc           0%         N/A       92%         3
 Hailstorm                Conj/Ice       0%         3d3       92%         3
 Teleport Other           Tloc           0%         N/A       92%         3
 Dispersal                Tloc           0%         N/A       100%        6


Dungeon Overview and Level Annotations

Branches:
Dungeon (5/15)
 Temple: D:4-7

Altars:
Gozag
Yredelemnul

Shops:
D:2 !

Annotations:
D:5 Pikel


Innate Abilities, Weirdness & Mutations

You are completely covered in rugged brown scales. (AC +3, +7% HP)
Armour fits poorly on your strangely shaped body.
You have a long armoured tail.
You roll when moving toward enemies. (Rampage)
Your long tongue fully drains potion bottles. (2x potion effects)
Your tongue gives you trouble enunciating. (1.5x scroll delay)
You are agile. (Dex +4, Str/Int -1)
You possess an exceptional clarity of mind.
You have hidden genetic defects.


Message History

You hit the lemure.
You feel sick.
You are no longer poisoned.
Pikel hits you with a +2 whip of flaming.
The lemure barely misses you.
You barely miss Pikel. You tail-slap Pikel.
Pikel is lightly wounded.
You closely miss the lemure.
You kill the lemure!
That felt strangely unrewarding.
You block Pikel's attack.
You barely miss Pikel.
Pikel is lightly wounded.
You slash the lemure!
Pikel hits you with a +2 whip of flaming!
Pikel burns you.
Pikel hits you with a +2 whip of flaming!
Pikel burns you. The lemure closely misses you. The lemure barely misses you.
You hit Pikel but do no damage.
Pikel is poisoned.
You tail-slap Pikel, but do no damage.
Pikel is lightly wounded.
You completely miss the lemure. You slash the lemure!
The lemure is poisoned.
Pikel hits you with a +2 whip of flaming.
The lemure hits you but does no damage. You block the lemure's attack.
You hit Pikel.
Pikel is moderately wounded.
You slash the lemure!
The lemure looks as sick as possible!
You barely miss the lemure.
Pikel hits you with a +2 whip of flaming!
* * * LOW HITPOINT WARNING * * *
The lemure hits you.
* * * LOW HITPOINT WARNING * * *
The lemure hits you.
* * * LOW HITPOINT WARNING * * *
You slurp down every last drop of the fuming amethyst potion!
It was a potion of mutation.
You feel extremely strange.
You feel a hidden malignance growing inside you.
You feel agile.
Your thoughts seem clearer.
Pikel hits you with a +2 whip of flaming.
* * * LOW HITPOINT WARNING * * *
The lemure hits you!
You die...

. ..... ....# ....## .
#.#..# . # #.##.### # .
#. #......##.#.. .
#..#............ #
#.5K@.....# .# #
......55...[.##.# #
........#.#..#..# #
........#.#..#.#########
........................
........##.....####....#
........#####.....#....#
....[..................#
....####.##......#


You could see Pikel (very poisoned) and 3 lemures.

Vanquished Creatures
  A water moccasin (D:5)
  2 ice beasts
  A phantom (D:5)
  A lemure (D:5)
  5 necrophages
  A scorpion (D:4)
  A wight (D:4)
  2 bullfrog zombies (D:4)
  A centaur zombie (D:4)
  A human zombie (D:4)
  An orc priest (D:4)
  A gnoll bouda (D:5)
  4 hounds (D:5)
  3 iguanas
  3 orc wizards
  A mummy (D:4)
  Robin (D:4)
  9 gnolls
  5 adders
  A white imp (D:5)
  3 adder zombies (D:4)
  A worm (D:5)
  6 dart slugs
  14 orcs
  4 ball pythons
  7 endoplasms
  10 hobgoblins
  5 jackals
  5 quokkas
  7 bats
  3 frilled lizards (D:3)
  18 goblins
  4 kobolds
  2 rats
134 creatures vanquished.

Vanquished Creatures (others)
  A withered plant (D:1)
1 creature vanquished.

Grand Total: 135 creatures vanquished

Notes
Turn   | Place    | Note
-------+----------+-------------------------------------------
     0 | D:1      | Pimp the Armataur Fighter began the quest for the Orb.
     0 | D:1      | Reached XP level 1. HP: 19/19 MP: 1/1
   128 | D:1      | Found a faded altar of an unknown god.
   239 | D:1      | Reached XP level 2. HP: 26/26 MP: 2/2
   527 | D:2      | Reached skill level 4 in Armour
   653 | D:2      | Found Jaskogog's Distillery.
   735 | D:2      | Reached XP level 3. HP: 33/33 MP: 3/3
   947 | D:2      | Reached XP level 4. HP: 24/40 MP: 4/4
  1930 | D:3      | Noticed an ice beast
  1935 | D:3      | Killed an ice beast
  1936 | D:3      | Reached XP level 5. HP: 32/49 MP: 5/5
  2050 | D:3      | Found an opulent altar of Gozag.
  2859 | D:4      | Noticed Robin
  2866 | D:4      | Killed Robin
  2867 | D:4      | Reached skill level 5 in Armour
  2933 | D:4      | Reached XP level 6. HP: 42/55 MP: 6/6
  2935 | D:4      | Identified the ring "Usyotrah" {rElec rF++ Str+6 Int+2}
  3203 | D:4      | Reached skill level 5 in Shields
  3510 | D:4      | Reached XP level 7. HP: 53/64 MP: 7/7
  3604 | D:4      | Reached skill level 6 in Armour
  3604 | D:4      | Found a basalt altar of Yredelemnul.
  3848 | D:5      | Entered Level 5 of the Dungeon
  3869 | D:5      | Reached skill level 5 in Fighting
  3869 | D:5      | Reached XP level 8. HP: 71/72 MP: 8/8
  4105 | D:5      | Reached skill level 7 in Armour
  4510 | D:5      | Noticed Pikel
  4520 | D:5      | Gained mutation: You have hidden genetic defects. [potion
                  | of mutation]
  4520 | D:5      | Gained mutation: You are agile. (Dex +4, Str/Int -1)
                  | [potion of mutation]
  4520 | D:5      | Gained mutation: You possess an exceptional clarity of
                  | mind. [potion of mutation]
  4520 | D:5      | HP: 3/73 [Pikel/+2 whip of flaming (4)]
  4520 | D:5      | Slain by a lemure

Illustrated notes

Levels and vault maps discovered:
D:1:      minmay_arrival_shattered_statue, layout_rooms,
          ebering_ecumenical_altar_petrified, serial_curves, eino_curves_02,
          eino_curves_01, columned_hall_lemuel
D:2:      layout_basic, serial_shops, shop, minmay_box_of_dots
D:3:      layout_basic, mainiacjoe_overflow_boulevard,
          kennysheep_decorative_pillar, grunt_ministairs_8,
          grunt_decor_fettered, amcnicky_mini_corridor_feature
D:4:      nicolae_cairo_tiling_very_big, layout_rooms,
          lemuel_mausoleum_altar_yredelemnul, uniq_robin
D:5:      layout_rooms, uniq_pikel

Skill      XL: |  1  2  3  4  5  6  7  8 |
---------------+-------------------------+-----
Fighting       | 3 4 5 |  5.6
Armour         | 4 5 6 7 |  7.3
Axes           | 2 3 4 |  4.7
Shields        | 4 5 6 |  6.7

Action                     |  1- 3 |  4- 6 |  7- 9 || total
---------------------------+-------+-------+-------++-------
  Melee: War axe           |    80 |   150 |   106 ||   336
         Tailslap          |     8 |     8 |    15 ||    31
    Use: Scroll            |       |     7 |       ||     7
         Potion            |       |       |     2 ||     2
 Armour: Scale mail        |    55 |   103 |    68 ||   226
  Dodge: Dodged            |    36 |    49 |    46 ||   131
  Block: Buckler           |    23 |    33 |    32 ||    88

Table legend: (Time is in decaauts)
 A = Elapsed time spent in this place.
 B = Non-inter-level travel time spent in this place.
 C = Inter-level travel time spent in this place.
 D = Time resting spent in this place.
 E = Time spent auto-exploring this place.
 F = Levels seen in this place.
 G = Mean time per level.
                   A        B        C        D        E       F      G
               +--------+--------+--------+--------+--------+-----+--------+
         Total |   4649 |   4391 |    258 |    655 |   2825 |   5 |  929.8 |
       Dungeon |   4649 |   4391 |    258 |    655 |   2825 |   5 |  929.8 |
               +--------+--------+--------+--------+--------+-----+--------+

Top non-repeatable levels by time:
     D:3: 1342 daAuts
     D:2: 1044 daAuts
     D:4: 1036 daAuts
     D:5: 688 daAuts
     D:1: 536 daAuts
